 Dungeon Crawl Stone Soup version 0.19-a0-1021-g80cc50c (webtiles) character file.

313 Ihatecarrots00 the Skirmisher (level 6, 0/84 HPs)
             Began as a Minotaur Berserker on July 25, 2016.
             Was a Believer of Trog.
             Slain by a gnoll (4 damage)
             ... on level 4 of the Dungeon on July 26, 2016.
             The game lasted 00:13:30 (2597 turns).

Ihatecarrots00 the Skirmisher (Minotaur Berserker)  Turns: 2597, Time: 00:13:31

Health: 0/84       AC:  5    Str: 29    XL:     6   Next: 19%
Magic:  5/5        EV: 13    Int:  4    God:    Trog [**....]
Gold:   152        SH:  0    Dex:  9    Spells: 0 memorised, 5 levels left

rFire  . . .     SeeInvis .     a - +0 mace
rCold  . . .     Gourm    .     c - +0 ring mail
rNeg   . . .     Faith    .     (no shield)
rPois  .         Spirit   .     (helmet restricted)
rElec  .         Dismiss  .     (no cloak)
rCorr  .         Reflect  .     (no gloves)
SustAt .         Harm     .     (no boots)
MR     .....                    (no amulet)
Stlth  ..........               (no ring)
                                (no ring)

@: berserking, very quick, not resistant to hostile enchantments, extremely
unstealthy
A: retaliatory headbutt, horns 2
a: Berserk, Trog's Hand, Burn Spellbooks, Renounce Religion


You were on level 4 of the Dungeon.
You worshipped Trog.
Trog was pleased with you.
You were hungry.

You visited 1 branch of the dungeon, and saw 4 of its levels.

You collected 152 gold pieces.

Inventory:

Hand Weapons
 a - a +0 mace (weapon)
 n - the +4 flail of the Foot {drain, rC+ Str+4 Dex-4, unknown}
   (You found it on level 4 of the Dungeon)

   A truly terrible weapon, it drains the life of those it strikes.
   It affects your strength (+4).
   It affects your dexterity (-4).
   It protects you from cold.
Armour
 b - a +0 animal skin
 c - a +0 ring mail (worn)
 f - a +0 pair of boots
 i - a +0 robe
 l - a +0 leather armour
 m - a troll hide
Jewellery
 d - an uncursed amulet of regeneration {unknown}
Wands
 p - a wand of iceblast (4/15)
Scrolls
 e - 3 scrolls of remove curse {unknown}
 g - 2 scrolls of identify {unknown}
 h - a scroll of magic mapping {unknown}
 j - a scroll of enchant weapon {unknown}
 k - 2 scrolls of enchant armour {unknown}
Potions
 o - a potion of curing {unknown}


   Skills:
 + Level 5.3 Fighting
 + Level 5.2 Maces & Flails
 + Level 3.3 Armour
 + Level 4.4 Dodging
 + Level 1.0 Stealth


You had 5 spell levels left.
You didn't know any spells.

Dungeon Overview and Level Annotations

Branches:
Dungeon (4/15)
 Temple: D:4-7

Altars:


Innate Abilities, Weirdness & Mutations

You reflexively headbutt those who attack you in melee.
You have a pair of horns on your head.


Message History

The gnoll hits you with a spear!
* * * LOW HITPOINT WARNING * * *
You hit the gnoll.
You kill the gnoll!
Trog accepts your kill. The adder barely misses you. You furiously retaliate!
You headbutt the adder, but do no damage.
The gnoll barely misses you. The adder completely misses you.
You furiously retaliate!
You headbutt the adder!
You kill the adder!
Trog accepts your kill.
A red film seems to cover your vision as you go berserk!
You feel yourself moving faster!
You feel mighty!
You are feeling hungry.
The gnoll hits you.
* * * LOW HITPOINT WARNING * * *
You barely miss the gnoll. Your headbutt misses the gnoll.
The gnoll hits you but does no damage.
You closely miss the gnoll. The gnoll hits you.
You die...

#...........
#........#.#
#........#.#
####........#.#
#...........#.#
#....#...####.# ..
#....#...####.# .
#.†).#...'....#
#@g..#...####.#
.......)...####.. #.####
...........# .....#.....
........####............
........# .....####...
........# ###+## #.#<
##......# #.#. #......#
..## ####


You could see a gnoll.

Vanquished Creatures
  The ghost of plsesad the Skirmisher, an amateur OgBe of Trog (D:3)
  A howler monkey (D:4)
  2 adders
  2 gnolls (D:4)
  An ooze (D:1)
  A worm (D:3)
  3 dart slugs (D:1)
  2 giant geckos
  5 orcs (D:3)
  5 giant cockroaches
  5 goblins
  2 hobgoblins
  6 jackals (D:1)
  3 quokkas (D:3)
  3 bats (D:1)
  2 giant newts
  3 kobolds (D:1)
  5 rats
52 creatures vanquished.

Notes
Turn   | Place    | Note
-------+----------+-------------------------------------------
     0 | D:1      | Ihatecarrots00 the Minotaur Berserker began the quest for the Orb.
     0 | D:1      | Reached XP level 1. HP: 19/19 MP: 0/0
     0 | D:1      | Upgraded the game from 0.19-a0-1019-g9c6a58d to 0.19-a0-1021-g80cc50c
    41 | D:1      | Reached XP level 2. HP: 5/27 MP: 1/1
   686 | D:1      | Reached XP level 3. HP: 24/33 MP: 2/2
   798 | D:1      | Reached ** piety under Trog
  1372 | D:2      | You fall through a shaft!
  1492 | D:3      | Noticed plsesad's ghost (amateur OgBe)
  1505 | D:3      | Killed plsesad's ghost
  1505 | D:3      | Reached skill level 5 in Fighting
  1505 | D:3      | Reached skill level 5 in Maces & Flails
  1505 | D:3      | Reached XP level 4. HP: 21/42 MP: 3/3
  1505 | D:3      | Reached XP level 5. HP: 24/48 MP: 4/4
  2507 | D:4      | Reached skill level 1 in Stealth
  2507 | D:4      | Reached XP level 6. HP: 40/56 MP: 5/5
  2519 | D:4      | Got a warped flail
  2595 | D:4      | HP: 3/84 [gnoll (1)]
  2597 | D:4      | Slain by a gnoll

Vault maps used:
D:1:      dpeg_arrival_tiny_d
D:2:      uniq_iyjb, uniq_sigmund
D:4:      uniq_pikel

Skill      XL: |  1  2  3  4  5 |
---------------+----------------+-----
Fighting       | 4 5 |  5.3
Maces & Flails | 4 5 |  5.2
Armour         | 3 |  3.3
Dodging        | 3 4 |  4.4
Stealth        | 1 |  1.0

Action                   |  1- 3 |  4- 6 || total
-------------------------+-------+-------++-------
Melee: Mace              |    56 |    65 ||   121
       Headbutt          |     9 |     9 ||    18
Invok: Berserk           |     1 |     1 ||     2
  Use: Scroll            |       |     1 ||     1
  Eat: Pizza             |     1 |       ||     1
       Bread ration      |       |     1 ||     1
Armor: Animal skin       |    12 |       ||    12
       Robe              |     8 |       ||     8
       Ring mail         |       |    24 ||    24
Dodge: Dodged            |    54 |    34 ||    88
